 Dungeon Crawl Stone Soup version 0.29-a0-22-gbf593b16ee (webtiles) character file.

Game seed: 11754002795691827005

16 diecastcamel the Ruffian (level 2, 29/29 HPs)
             Began as a Troll Berserker on Jan 29, 2022.
             Was a Follower of Trog.
             Quit the game on level 1 of the Dungeon.
             The game lasted 00:03:01 (136 turns).

diecastcamel the Ruffian (Troll Berserker)           Turns: 136, Time: 00:03:02

Health: 29/29      AC:  4    Str: 24    XL:     2   Next: 37%
Magic:  1/1        EV: 10    Int:  3    God:    Trog [*.....]
Gold:   0          SH:  0    Dex:  9    Spells: 1/1 levels left

rFire   . . .      SeeInvis .     - Unarmed
rCold   . . .      Faith    .   (no shield)
rNeg    . . .      Spirit   .   a - +0 animal skin
rPois   .          Reflect  .   (helmet restricted)
rElec   .          Harm     .   (no cloak)
rCorr   .          Rampage  .   (gloves unavailable)
Will    .....                   (boots unavailable)
Stlth   +.........              (no amulet)
HPRegen 0.89/turn               (no ring)
MPRegen 0.07/turn               (no ring)

@: no status effects
A: large, unfitting armour, claws 3, regeneration 1, shaggy fur 1, tough skin 1
a: Renounce Religion, Berserk


You were on level 1 of the Dungeon.
You worshipped Trog.
Trog was aware of your devotion.
You visited 1 branch of the dungeon, and saw 1 of its levels.

Inventory:

Armour
 a - a +0 animal skin (worn)


   Skills:
 + Level 2.6 Fighting
 + Level 2.6 Dodging
 + Level 3.3 Unarmed Combat


You had one spell level left.
You didn't know any spells.
Your spell library was empty.

Dungeon Overview and Level Annotations

Branches:
Dungeon (1/15)

Altars:


Innate Abilities, Weirdness & Mutations

You are too large for most types of armour.
You have claws for hands.
Your natural rate of healing is unusually fast.
You are covered in fur. (AC +1)
You have tough skin. (AC +1)


Message History

You claw the gnoll!
You kill the gnoll!
Trog accepts your kill.
You have reached level 2!
You see here a +0 spear.
b - a +0 spear You drop a +0 spear.
A hobgoblin and an endoplasm come into view.
The endoplasm quivers.
You scratch the endoplasm. You claw the endoplasm.
You kill the endoplasm!
Trog accepts your kill.
You scratch the hobgoblin but do no damage.
The hobgoblin hits you.
You closely miss the hobgoblin. You closely miss the hobgoblin.
The hobgoblin hits you.
You closely miss the hobgoblin.
The hobgoblin hits you but does no damage.
You claw the hobgoblin!
You kill the hobgoblin!
Trog accepts your kill.
You see here a hobgoblin corpse.
Found a leather armour.
A hobgoblin comes into view.
The hobgoblin shouts!
A dart slug comes into view.
You see here a hobgoblin corpse.
You barely miss the hobgoblin. The hobgoblin barely misses you.
You claw the hobgoblin!
You kill the hobgoblin!
Trog accepts your kill.
You see here a hobgoblin corpse.
You see here a hobgoblin corpse.
Unknown command.
Saving game... please wait.
Welcome back, diecastcamel the Troll Berserker.
Trog says: Kill them all!
Press ? for a list of commands and other information.
Char dumped successfully.
Are you sure you want to abandon this character and quit the game? (Confirm with "yes".)

..........
#.........
#.........
#.........
#.[......w
#.........
####.........
#............
######
#@###########
#....#####.##
#...........#
#.#####...######..#
#.........†....)..#
######.#####''#####
#.##8......8#
#..#≈......§#
##.#≈......≈#


There were no monsters in sight!

Vanquished Creatures
  A gnoll (D:1)
  An endoplasm (D:1)
  3 hobgoblins (D:1)
  A bat (D:1)
6 creatures vanquished.

Notes
Turn   | Place    | Note
-------+----------+-------------------------------------------
     0 | D:1      | diecastcamel the Troll Berserker began the quest for the
                  | Orb.
     0 | D:1      | Reached XP level 1. HP: 22/22 MP: 0/0
    93 | D:1      | Reached XP level 2. HP: 29/29 MP: 1/1
   136 | D:1      | Quit the game

Illustrated notes

Levels and vault maps discovered:
D:1:      lightli_arrival_noodles, layout_basic,
          dreamdust_ecumenical_altar_grove, minmay_hexomino_f4

Action                   || total
-------------------------++-------
Melee: Unarmed           ||    17
       Punch             ||     1
Armor: Animal skin       ||     2
Dodge: Dodged            ||     5

Table legend: (Time is in decaauts)
 A = Elapsed time spent in this place.
 B = Non-inter-level travel time spent in this place.
 C = Inter-level travel time spent in this place.
 D = Time resting spent in this place.
 E = Time spent auto-exploring this place.
 F = Levels seen in this place.
 G = Mean time per level.
                   A        B        C        D        E       F      G
               +--------+--------+--------+--------+--------+-----+--------+
         Total |    134 |    134 |      0 |      3 |     42 |   1 |  134.0 |
       Dungeon |    134 |    134 |      0 |      3 |     42 |   1 |  134.0 |
               +--------+--------+--------+--------+--------+-----+--------+

Top non-repeatable levels by time:
     D:1: 134 daAuts
